 Dungeon Crawl Stone Soup version 0.31.0-11-ge490571c62 (webtiles) character file.

Game seed: 7766937756765748033

332 qw the Skirmisher (level 6, -10/35 HPs)
             Began as a Deep Elf Hunter on Feb 4, 2024.
             Killed from afar by Ijyb (11 damage)
             ... with a bolt of acid
             ... on level 4 of the Dungeon.
             The game lasted 00:00:35 (2816 turns).

qw the Skirmisher (Deep Elf Hunter)                 Turns: 2816, Time: 00:00:35

Health: -10/35     AC:  7    Str: 10    XL:     6   Next: 26%
Magic:  8/8        EV: 11    Int: 14    God:
Gold:   133        SH:  5    Dex: 18    Spells: 5/5 levels left

rFire   . . .        a - +0 shortbow
rCold   . . .        (shield currently unavailable)
rNeg    . . .        b - +0 ring mail
rPois   .            d - +0 helmet
rElec   .            (no cloak)
rCorr   .            i - +0 pair of gloves
SInv    .            (no boots)
Will    .....        j - amulet of reflection
Stlth   +            (no ring)
HPRegen 0.25/turn    (no ring)
MPRegen 0.11/turn

%: reflection
@: no status effects
A: no striking features
a: no special abilities


You were on level 4 of the Dungeon.
You visited 1 branch of the dungeon, and saw 4 of its levels.

You collected 133 gold pieces.


   Skills:
 + Level 1.6 Fighting
 - Level 9.7 Ranged Weapons
 - Level 1.0 Armour
 - Level 2.4 Dodging
 - Level 1.2 Stealth


You had 5 spell levels left.
You didn't know any spells.
Your spell library was empty.

Inventory:

Hand Weapons
 a - a +0 shortbow (weapon)
Armour
 b - a +0 ring mail (worn)
 d - a +0 helmet (worn)
 i - a +0 pair of gloves (worn)
Jewellery
 j - an amulet of reflection (around neck)
Scrolls
 e - a scroll of identify
Potions
 c - a potion of haste {unknown}
 f - 2 potions of curing
 h - a potion of brilliance {unknown}
 l - a potion of enlightenment {unknown}

Dungeon Overview and Level Annotations

Branches:
Dungeon (4/15)
 Temple: D:4-7

Altars:

Annotations:
D:4 Ijyb


Message History

The arrow hits the orc but does no damage.
The orc hits you but does no damage.
You shoot an arrow.
The arrow hits the orc but does no damage.
The orc hits you with a +1 short sword of protection.
You shoot an arrow. The arrow completely misses the orc.
The orc misses you.
You shoot an arrow. The arrow hits the orc.
The orc is almost dead.
The orc closely misses you.
You shoot an arrow. The arrow hits the orc.
You kill the orc!
You start resting.
HP restored.
Things that are here:
a +1 short sword of protection; a +0 scale mail A kobold comes into view.
It is wielding a +0 short sword.
The kobold shouts!
The kobold moves out of view.
A kobold is nearby!
You shoot an arrow. The arrow hits the kobold!
You kill the kobold!
Found a stone staircase leading down.
e - a scroll of identify Ijyb the Twisted Goblin comes into view.
She is wielding a +1 dagger of holy wrath and carrying a wand of acid.
You shoot an arrow. The arrow hits Ijyb.
Ijyb shouts!
Ijyb is lightly wounded.
Ijyb screams, "No!
No, no, no, no!"
You shoot an arrow. The arrow barely misses Ijyb.
You shoot an arrow. The arrow closely misses Ijyb.
Ijyb zaps a wand.
The bolt of acid hits you!
You shoot an arrow. The arrow hits Ijyb.
Ijyb is moderately wounded.
Ijyb zaps a wand.
The bolt of acid hits you!!
Ouch! That really hurt!
You shoot an arrow. The arrow hits Ijyb.
Ijyb is heavily wounded.
Ijyb zaps a wand.
The bolt of acid hits you!
You die...

### ##.# ####.##### ##
#...## #.# ...
##.#####.# ....
##.##....## .....
##.........###
.....g#####.....###.....
.......@......####......
........####..# ##..#...
......### #..###..##...
...... #...#...##...
..... #........#..#
..... ##....#......#
.... ....####....# ....
..... ##...# .##..##
##..#


You could see Ijyb.

Vanquished Creatures
  Sigmund (D:4)
  A jelly (D:3)
  An orc priest (D:3)
  3 adders
  2 dart slugs
  2 ribbon worms
  6 orcs
  6 ball pythons
  4 endoplasms
  A giant cockroach (D:3)
  7 goblins
  4 hobgoblins
  4 jackals (D:3)
  2 quokkas
  3 bats
  A frilled lizard (D:1)
  14 kobolds
  8 rats
70 creatures vanquished.

Notes
Turn   | Place    | Note
-------+----------+-------------------------------------------
     0 | D:1      | qw the Deep Elf Hunter began the quest for the Orb.
     0 | D:1      | Reached XP level 1. HP: 12/12 MP: 3/3
     0 | D:1      | 0 ||| qw: Version: 0.3-a-160-g6735b56
     0 | D:1      | 0 ||| qw: Game counter: 5735
     0 | D:1      | 0 ||| qw: Melee chars always use a shield: true
     0 | D:1      | 0 ||| qw: God list: Okawaru
     0 | D:1      | 0 ||| qw: Allow faded altars: false
     0 | D:1      | 0 ||| qw: Do Orc after clearing Dungeon:15 true
     0 | D:1      | 0 ||| qw: Do second Lair branch before Depths: true
     0 | D:1      | 0 ||| qw: Lair rune preference: random
     0 | D:1      | 0 ||| qw: Goals: Normal
     0 | D:1      | 0 ||| PLANNING D:1-11
   218 | D:1      | Reached skill level 6 in Ranged Weapons
   218 | D:1      | Reached XP level 2. HP: 16/16 MP: 4/4
   219 | D:1      | Found a faded altar of an unknown god.
   648 | D:1      | 648 ||| UPGRADING to +0 helmet.
   653 | D:1      | 653 ||| UPGRADING to +0 scale mail.
   663 | D:1      | 663 ||| DROPPING +0 leather armour.
   664 | D:1      | 664 ||| UPGRADING to +0 pair of gloves.
   669 | D:1      | 669 ||| READING scroll labelled KETWEL LYEPS.
   770 | D:1      | 770 ||| DROPPING scroll of butterflies.
   845 | D:2      | 845 ||| FLEEEEING.
   847 | D:2      | 847 ||| FLEEEEING.
   848 | D:2      | 848 ||| FLEEEEING.
   932 | D:2      | Reached XP level 3. HP: 20/20 MP: 5/5
  1003 | D:2      | Reached skill level 7 in Ranged Weapons
  1511 | D:2      | 1511 ||| DROPPING scarf of invisibility.
  1512 | D:2      | 1512 ||| UPGRADING to amulet of reflection.
  1517 | D:2      | 1517 ||| READING scroll labelled VIOFUM OFUTO.
  1518 | D:2      | 1518 ||| READING scroll labelled RAW EF NOYHA.
  1518 | D:2      | 1518 ||| IDENTIFYING clear potion
  1519 | D:2      | 1519 ||| READING scroll labelled OTARUESESAL.
  1520 | D:2      | 1520 ||| DRINKING 3 grey potions.
  1562 | D:2      | 1562 ||| DROPPING 2 potions of lignification.
  1608 | D:3      | Reached XP level 4. HP: 10/25 MP: 6/6
  1824 | D:3      | Reached skill level 8 in Ranged Weapons
  2387 | D:3      | Reached skill level 1 in Armour
  2472 | D:3      | 2472 ||| UPGRADING to +0 ring mail.
  2482 | D:3      | 2482 ||| DROPPING +0 scale mail.
  2505 | D:4      | Noticed Sigmund
  2507 | D:4      | 2507 ||| STAIRDANCE
  2519 | D:4      | 2519 ||| STAIRDANCE
  2524 | D:3      | Reached XP level 5. HP: 11/29 MP: 7/7
  2635 | D:4      | Killed Sigmund
  2636 | D:4      | Reached skill level 9 in Ranged Weapons
  2636 | D:4      | Reached XP level 6. HP: 22/34 MP: 8/8
  2811 | D:4      | Noticed Ijyb
  2815 | D:4      | HP: 1/35 [Ijyb/bolt of acid (20)]
  2816 | D:4      | Killed from afar by Ijyb

Levels and vault maps discovered:
D:1:      minmay_arrival_four_loops, layout_loops_ring, basic_ecumenical_altar,
          chequers_arboretum, st_stairs_5
D:2:      layout_loops_cross, minmay_pentomino_x4
D:3:      layout_loops_corners, minmay_box_of_dots
D:4:      layout_layer_cave, kennysheep_little_box, uniq_natasha, uniq_sigmund,
          uniq_ijyb

Skill      XL: |  1  2  3  4  5 |
---------------+----------------+-----
Ranged Weapons | 6 7 8 9 |  9.7
Armour         | 1 |  1.0
Fighting       | |  1.6
Dodging        | |  2.4
Stealth        | |  1.2

Action                     |  1- 3 |  4- 6 || total
---------------------------+-------+-------++-------
   Fire: Shortbow          |   112 |   114 ||   226
    Use: Scroll            |     4 |       ||     4
         Potion            |     1 |       ||     1
 Armour: Leather armour    |     3 |       ||     3
         Scale mail        |    25 |    15 ||    40
         Ring mail         |       |    19 ||    19
  Dodge: Dodged            |    12 |    19 ||    31
  Block: Other             |       |     6 ||     6

Table legend:
 A = Non-vault XP
 B = Vault XP
 C = Vault XP percentage of total XP
 D = Non-vault monster count
 E = Vault monster count
 F = Vault count percentage of total count
                 A         B        C        D         E       F
            +---------+---------+-------+---------+---------+-------
      Total |     227 |     248 |  52.2 |      59 |      11 |  15.7
            +---------+---------+-------+---------+---------+-------
        D:1 |      22 |       5 |  18.5 |      15 |       2 |  11.8
        D:2 |      54 |       5 |   8.5 |      16 |       4 |  20.0
        D:3 |     139 |       7 |   4.8 |      23 |       4 |  14.8
        D:4 |      12 |     231 |  95.1 |       5 |       1 |  16.7
            +---------+---------+-------+---------+---------+-------
